Map: Wolfe Industries Compound

Players

Blubbel

  • Race: Terran Terran
  • League: Silver
  • Spawn Location: 3:00

zod

  • Race: Protoss Protoss
  • League: Silver
  • Spawn Location: 12:00

Nymeris

  • Race: Protoss Protoss
  • Spawn Location: 7:00

Manmordor

  • Race: Zerg Zerg
  • Spawn Location: 7:00

VOD

Have the link to the VOD?

Description

Time

  • Played on: Jan. 18, 2016, 2:14 p.m.
  • Length: 12:19
Show
View Real Time Build Order
Export as new Build Order

Blubbel Terran 

Build Orders:  

Get SALT Encoding   

  12  0:01  SCV  
  13  0:14  SCV  
  14  0:24  Supply Depot  
  14  0:26  SCV  
  15  0:33  Refinery  
  15  0:45  SCV  
  15  0:47  Barracks  
  16  0:57  SCV  
  17  1:10  SCV  
  18  1:32  SCV  
  19  1:35  Supply Depot  
  19  1:36  Marine  
  20  1:54  Factory  
  20  2:06  Command Center  
  20  2:21  Engineering Bay  
  20  2:24  Refinery  
  20  2:27  Orbital Command  
  20  2:35  Marine  
  21  2:39  Widow Mine  
  23  2:57  Starport  
  23  2:59  Marine  
  23  3:02  SCV  
  25  3:14  Widow Mine  
  25  3:16  SCV  
  25  3:18  Marine  
  29  3:28  SCV  
  30  3:34  Medivac  
  30  3:37  Terran Infantry Weapons Level 1  
  32  3:45  Barracks  
  32  3:52  SCV  
  32  3:53  Widow Mine  
  35  3:59  Barracks Tech Lab  
  35  4:04  SCV  
  36  4:10  Planetary Fortress  
  36  4:14  Missile Turret  
  36  4:16  SCV  
  37  4:37  Medivac  
  39  4:44  SCV  
  40  4:49  SCV  
  41  4:56  SCV  
  42  5:01  SCV  
  43  5:08  SCV  
  43  5:09  Barracks Reactor  
  43  5:12  Barracks  
  44  5:24  Armory  
  38  6:11  Engineering Bay  
  38  6:16  Barracks Reactor  
  36  6:22  SCV  
  36  6:24  Barracks  
  35  6:32  Medivac  
  37  6:33  Widow Mine  
  37  6:34  SCV  
  40  6:41  Missile Turret  
  40  6:42  Marine x3  
  40  6:46  SCV  
  44  6:53  Starport  
  44  6:58  SCV  
  44  7:00  SCV  
  46  7:05  Supply Depot  
  46  7:07  Supply Depot  
  46  7:09  Terran Infantry Armor Level 1  
  46  7:12  Barracks  
  46  7:19  Terran Infantry Weapons Level 2  
  46  7:26  Medivac, Marine x4  
  46  7:27  SCV x2  
  46  7:28  Widow Mine  
  46  7:29  Barracks Reactor, Marine  
  57  7:30  Refinery  
  57  7:38  Supply Depot  
  57  7:39  SCV  
  57  7:42  Supply Depot  
  58  7:44  Marine x4  
  62  7:59  Marine, Widow Mine  
  62  8:00  Supply Depot  
  62  8:02  Marine x4  
  62  8:05  Marine x2  
  70  8:09  Stimpack  
  70  8:12  Command Center  
  71  8:13  Barracks Tech Lab  
  71  8:17  Marine  
  72  8:20  Marauder, Marine x3  
  72  8:23  Marine  
  78  8:27  SCV, Supply Depot  
  77  8:39  SCV  
  71  8:42  Marauder  
  73  8:51  Supply Depot, SCV  
  74  8:59  Missile Turret  
  74  9:03  SCV, Marauder  
  74  9:07  Marine x3, Marauder  
  74  9:08  Marine x3  
  85  9:11  Combat Shields  
  85  9:19  Missile Turret  
  85  9:24  Marauder  
  85  9:25  Marine  
  85  9:27  Marine x3  
  85  9:28  Marauder, Marine x2  
  95  9:38  Missile Turret  
  95  9:40  SCV  
  95  9:43  Marine  
  95  9:45  SCV x2, Marine x4  
  99  9:46  Marauder  
  99  9:50  Marauder  
  99  9:52  SCV  
  108  9:57  SCV x2, Missile Turret  
  110  10:04  SCV  
  111  10:07  Marauder  
  111  10:09  SCV x2  
  111  10:16  SCV  
  111  10:19  Missile Turret  
  112  10:21  SCV  
  112  10:25  Marine x2, Marauder  
  117  10:35  Supply Depot  
  117  10:36  Supply Depot  
  117  10:42  Refinery  
  117  10:47  Refinery  
  117  10:56  Marine x6  
  125  10:57  SCV, Marauder  
  125  10:58  Marauder  
  128  11:10  SCV  
  115  11:19  Marauder  
  117  11:29  Marine  
  117  11:30  Marine x2  
  118  11:35  Marine  
  118  11:36  Marine x2  
  118  11:37  Marine  
  114  11:40  Marine  
  109  12:11  Command Center  
Show
View Real Time Build Order
Export as new Build Order

zod Protoss 

Build Orders:  

Get SALT Encoding   

  12  0:01  Probe (Chrono Boost)  
  13  0:12  Probe (Chrono Boost)  
  14  0:19  Pylon  
  14  0:24  Probe (Chrono Boost)  
  15  0:37  Probe (Chrono Boost)  
  16  0:43  Gateway  
  16  0:49  Probe (Chrono Boost)  
  17  0:53  Assimilator  
  17  0:59  Probe (Chrono Boost)  
  18  1:10  Probe (Chrono Boost)  
  19  1:15  Gateway  
  19  1:36  Probe (Chrono Boost)  
  19  1:37  Cybernetics Core  
  20  1:47  Nexus  
  20  1:57  Probe (Chrono Boost)  
  20  1:59  Assimilator  
  21  2:07  Probe (Chrono Boost)  
  22  2:11  Assimilator  
  22  2:16  Assimilator  
  22  2:18  Pylon  
  22  2:28  Warp Gate (Chrono Boost)  
  22  2:31  Pylon  
  22  2:36  Mothership Core  
  24  2:39  Adept  
  26  2:48  Pylon  
  26  2:57  Probe  
  27  3:04  Probe  
  27  3:09  Probe  
  29  3:15  Probe  
  30  3:21  Probe  
  30  3:23  Gateway  
  31  3:29  Probe  
  31  3:33  Probe  
  33  3:43  Gateway  
  33  3:55  Probe  
  33  3:56  Probe  
  33  3:58  Adept  
  37  4:04  Pylon  
  37  4:08  Adept  
  39  4:20  Probe, Robotics Facility  
  39  4:21  Probe  
  39  4:22  Pylon  
  41  4:42  Adept  
  41  4:43  Adept  
  41  4:45  Adept x2  
  49  4:52  Stargate  
  49  4:56  Twilight Council  
  49  5:09  Stalker  
  49  5:10  Stalker x2  
  49  5:11  Observer  
  56  5:18  Protoss Air Weapons Level 1 (Chrono Boost)  
  56  5:32  Resonating Glaives (Chrono Boost)  
  56  5:41  Warp Prism  
  56  5:42  Oracle  
  58  5:49  Probe  
  61  5:51  Probe  
  61  5:54  Dark Shrine  
  63  6:03  Probe  
  58  6:32  Stalker x4  
  57  6:44  Probe  
  57  6:45  Probe  
  59  6:54  Forge  
  59  6:58  Phoenix  
  59  7:00  Gateway  
  61  7:03  Stargate  
  61  7:06  Blink (Chrono Boost)  
  61  7:07  Stalker x3  
  61  7:08  Stalker  
  69  7:10  Immortal  
  73  7:46  Nexus  
  73  7:50  Assimilator  
  73  7:52  Assimilator  
  73  7:55  Pylon  
  73  7:57  Pylon  
  70  7:59  Pylon  
  70  8:04  Stalker  
  70  8:05  Stalker x2  
  74  8:06  Stalker  
  78  8:13  Probe  
  78  8:15  Probe  
  80  8:21  Photon Cannon  
  80  8:24  Probe  
  80  8:27  Probe  
  82  8:34  Probe  
  82  8:39  Probe  
  84  8:41  Stalker x2  
  84  8:43  Stalker  
  84  8:44  Stalker  
  84  8:45  Probe  
  93  8:51  Probe  
  94  9:00  Fleet Beacon  
  94  9:03  Probe  
  94  9:05  Pylon  
  94  9:06  Pylon  
  94  9:08  Pylon  
  91  9:31  Charge (Chrono Boost)  
  91  9:47  Immortal  
  91  9:50  Zealot x3  
  91  9:51  Zealot  
  61  10:09  Tempest  
  61  10:10  Tempest  
  61  10:12  Stalker x4  
  61  10:13  Stalker  
  79  10:20  Photon Cannon  
  79  10:22  Photon Cannon  
  71  10:33  Probe x2  
  71  10:34  Probe  
  74  10:43  Probe  
  74  10:44  Probe  
  74  10:46  Probe  
  77  10:54  Probe  
  77  10:55  Probe  
  79  10:58  Probe, Tempest  
  79  10:59  Tempest  
  88  11:05  Probe  
  88  11:06  Stalker  
  88  11:07  Stalker, Probe  
  94  11:25  Stalker x3  
  84  11:41  Stalker x2  
  88  11:59  Stalker x3  
Show
View Real Time Build Order
Export as new Build Order

Nymeris Protoss 

Build Orders: 1 Gate Expand 

Get SALT Encoding   

  12  0:01  Probe (Chrono Boost)  
  13  0:12  Probe (Chrono Boost)  
  14  0:18  Pylon  
  14  0:49  Gateway  
  14  0:50  Assimilator  
  14  0:52  Probe (Chrono Boost)  
  15  1:02  Probe (Chrono Boost)  
  16  1:13  Probe (Chrono Boost)  
  17  1:23  Probe (Chrono Boost)  
  18  1:37  Nexus  
  18  1:39  Pylon  
  18  1:49  Cybernetics Core  
  18  1:55  Probe (Chrono Boost)  
  19  2:06  Probe (Chrono Boost)  
  20  2:10  Gateway  
  19  2:19  Probe (Chrono Boost)  
  20  2:25  Stalker  
  20  2:26  Warp Gate (Chrono Boost)  
  22  2:35  Assimilator  
  22  2:40  Probe  
  23  2:52  Probe  
  24  3:02  Gateway  
  24  3:06  Gateway  
  24  3:11  Probe  
  24  3:13  Probe  
  24  3:17  Sentry  
  28  3:22  Probe  
  28  3:25  Mothership Core  
  31  3:38  Forge  
  31  3:40  Probe  
  31  3:46  Probe  
  33  3:50  Probe  
  34  4:01  Probe x2  
  36  4:13  Probe  
  36  4:16  Robotics Facility  
  37  4:19  Protoss Ground Weapons Level 1 (Chrono Boost)  
  37  4:21  Probe, Pylon  
  37  4:22  Phoenix  
  38  4:25  Probe  
  38  4:28  Photon Cannon  
  39  4:32  Probe  
  39  4:34  Pylon  
  40  4:39  Photon Cannon  
  40  4:40  Probe  
  40  4:42  Probe  
  40  4:45  Sentry  
  44  4:52  Probe  
  45  5:02  Assimilator  
  45  5:04  Probe  
  45  5:06  Gateway  
  46  5:07  Gateway  
  46  5:09  Probe, Photon Cannon  
  46  5:12  Photon Cannon  
  47  5:16  Probe  
  48  5:44  Photon Cannon  
  48  6:07  Photon Cannon  
  48  6:12  Zealot x3, Pylon  
  48  6:13  Zealot, Protoss Ground Armor Level 1 (Chrono Boost)  
  52  6:33  Probe  
  52  6:38  Assimilator  
  53  6:48  Immortal  
  53  6:49  Nexus  
  53  6:53  Pylon  
  57  6:56  Probe  
  57  6:57  Pylon  
  57  6:58  Twilight Council  
  57  6:59  Robotics Bay  
  58  7:01  Pylon  
  58  7:03  Pylon  
  58  7:04  Pylon  
  58  7:06  Probe  
  58  7:07  Pylon  
  59  7:17  Probe  
  60  7:27  Probe  
  60  7:28  Observer  
  62  7:34  Photon Cannon  
  62  7:36  Photon Cannon  
  62  7:38  Probe  
  62  7:40  Photon Cannon  
  63  7:45  Photon Cannon  
  63  7:46  Gateway  
  63  7:48  Gateway  
  63  7:49  Immortal  
  67  7:52  Photon Cannon  
  67  7:56  Protoss Shields Level 1 (Chrono Boost), Gateway  
  67  8:04  Assimilator  
  67  8:09  Extended Thermal Lance  
  67  8:11  Charge (Chrono Boost)  
  67  8:21  Zealot x3  
  73  8:32  Colossus  
  79  8:43  Robotics Facility  
  79  9:02  Probe  
  78  9:14  Stalker x2  
  78  9:24  Pylon  
  78  9:25  Pylon  
  78  9:27  Colossus  
  78  9:28  Photon Cannon  
  78  9:29  Colossus  
  90  9:37  Probe  
  91  9:40  Assimilator  
  91  9:44  Zealot x5  
  91  9:45  Zealot x2  
  105  9:46  Sentry  
  107  9:53  Pylon  
  107  9:56  Pylon  
  101  10:01  Protoss Ground Weapons Level 2  
  101  10:21  Observer Gravitic Boosters  
  101  10:40  Immortal  
  101  10:41  Dark Shrine  
  101  10:42  Gateway  
  105  11:00  Zealot x5  
  105  11:01  Zealot x4  
  121  11:17  Gateway, Photon Cannon  
  121  11:21  Gateway  
  121  11:25  Gateway  
  120  12:00  Nexus, Pylon  
  120  12:03  Pylon  
Show
View Real Time Build Order
Export as new Build Order

Manmordor Zerg 

Build Orders: Pool First 

Get SALT Encoding   

  12  0:02  Drone  
  13  0:12  Overlord  
  13  0:21  Drone  
  14  0:31  Drone x2  
  14  0:34  Drone  
  17  0:40  Extractor  
  16  0:45  Drone  
  17  0:53  Spawning Pool  
  16  1:05  Drone  
  16  1:07  Drone  
  18  1:29  Hatchery  
  17  1:39  Queen  
  17  1:42  Zergling x2  
  20  1:54  Metabolic Boost  
  20  1:55  Overlord  
  20  1:58  Zergling x2  
  21  2:43  Zergling x8  
  25  2:51  Lair  
  25  2:54  Drone  
  25  2:55  Drone x3  
  29  3:10  Drone x2  
  31  3:13  Queen  
  31  3:14  Extractor  
  31  3:17  Extractor  
  31  3:32  Drone  
  31  3:33  Overlord  
  32  3:39  Drone x3  
  32  3:40  Drone  
  36  3:42  Overlord  
  36  3:58  Drone x2  
  39  4:02  Drone  
  39  4:03  Extractor  
  39  4:08  Drone, Spire  
  39  4:09  Drone x3  
  41  4:12  Drone  
  42  4:24  Drone  
  42  4:25  Drone  
  42  4:30  Drone x3  
  47  4:38  Overlord  
  47  4:41  Drone  
  48  4:54  Zergling x2  
  48  4:55  Zergling x6  
  48  4:57  Overlord  
  52  5:05  Overseer  
  52  5:50  Mutalisk x5  
  52  5:51  Mutalisk  
  58  6:26  Mutalisk  
  58  6:27  Mutalisk x4  
  66  6:40  Drone  
  66  6:41  Overlord x2  
  66  6:42  Overlord x2  
  67  6:51  Zerg Flyer Weapons Level 1  
  67  6:53  Overlord x2  
  67  6:57  Spore Crawler  
  67  6:59  Spore Crawler  
  65  7:02  Spore Crawler  
  65  7:03  Drone  
  65  7:04  Drone  
  65  7:05  Spore Crawler  
  65  7:07  Hatchery  
  64  7:19  Mutalisk x6  
  76  7:34  Overlord x3  
  76  7:42  Mutalisk x3  
  82  8:02  Mutalisk x2  
  82  8:04  Zergling x4  
  82  8:05  Zergling x8  
  87  8:55  Mutalisk x6  
  89  8:56  Overlord  
  89  8:57  Overlord x4  
  99  9:04  Overlord x2  
  99  9:05  Overlord  
  99  9:49  Mutalisk  
  99  9:50  Mutalisk x2  
  99  9:51  Zergling x8  
  99  9:52  Zergling x4  
  110  10:13  Zergling x2  
  110  10:14  Zergling x4  
  107  10:51  Mutalisk x7  
  110  11:45  Mutalisk x4  
  110  11:46  Mutalisk x6  
Tags
 
Add a new tag
Caveats
  • Supply blocks, unpowered buildings, or Contaminate may cause inaccurate times.
  • Supply counts are checked every 10 seconds.